 Dungeon Sprint DCSS version 0.31-a0-66-ge618eeaa78 (webtiles) character file.

Game seed: 9587067667414246038

245 sircluck the Grappler (level 5, -4/59 HPs)
             Began as a Troll Berserker on May 22, 2023.
             Was a Priest of Trog.
             Slain by a water moccasin (5 damage)
             ... in the Dungeon (Sprint II: "The Violet Keep of Menkaure").
             The game lasted 00:01:35 (68 turns).

sircluck the Grappler (Troll Berserker)               Turns: 68, Time: 00:01:35

Health: -4/59      AC:  4    Str: 27    XL:     5   Next: 83%
Magic:  4/4        EV: 11    Int:  3    God:    Trog [***...]
Gold:   486        SH:  0    Dex:  9    Spells: 4/4 levels left

rFire   . .          .
                       - Unarmed
rCold   . . .        (no shield)
rNeg    . . .        a - +0 animal skin
rPois   .            (helmet restricted)
rElec   .            (no cloak)
rCorr   .            (gloves unavailable)
SInv    .            (boots unavailable)
Will    .....        (no amulet)
Stlth   +            (no ring)
HPRegen 1.09/turn    (no ring)
MPRegen 0.09/turn

%: no teleportation
@: lethally poisoned (-4 -> -10), on berserk cooldown, slowed, very slow
A: large, unfitting armour, claws 3, regeneration 1, shaggy fur 1, tough skin 1
a: Renounce Religion, Berserk, Trog's Hand


You were in the Dungeon.
You worshipped Trog.
Trog was most pleased with you.
You visited 1 branch You collected 486 gold pieces.

Inventory:

Armour
 a - a +0 animal skin (worn)
Scrolls
 g - a scroll of blinking
Potions
 b - a potion of curing
 c - a potion of heal wounds
 d - a potion of haste
 e - 2 potions of magic
 f - a potion of berserk rage


   Skills:
 + Level 5.9 Fighting
 + Level 6.2 Dodging
 + Level 8.2 Unarmed Combat


You had 4 spell levels left.
You didn't know any spells.
Your spell library was empty.

Dungeon Overview and Level Annotations

Branches:
Dungeon (1/1)

Altars:


Innate Abilities, Weirdness & Mutations

You are too large for most types of armour.
You have claws for hands.
Your natural rate of healing is unusually fast.
You are covered in fur. (AC +1)
You have tough skin. (AC +1)


Message History

You feel sick.
You now have 486 gold pieces (gained 243).
Things that are here:
a scorpion corpse; a scorpion corpse; a scorpion corpse Unknown command.
You feel a strong urge to attack something.
You feel sick.
You are no longer poisoned.
You are no longer berserk.
You are exhausted.
You feel yourself slow down.
Things that are here:
a scorpion corpse; a scorpion corpse; a scorpion corpse
Things that are here:
a scorpion corpse; a scorpion corpse; a scorpion corpse As you open the door, it creaks loudly!
Menkaure, Prince of Dust comes into view.
Menkaure shouts!
A water moccasin comes into view.
The water moccasin hisses angrily.
Menkaure hits you!!
* * * LOW HITPOINT WARNING * * *
Menkaure barely misses you.
There is an open door, spattered with blood here.
You claw Menkaure!
Menkaure is heavily damaged.
Menkaure closely misses you.
You claw Menkaure!
Menkaure is almost destroyed.
Menkaure rustles drily.
Menkaure hits you but does no damage.
You claw Menkaure!
You destroy Menkaure!
Trog accepts your kill.
Trog appreciates your killing of a magic user.
The water moccasin bites you.
* * * LOW HITPOINT WARNING * * *
You are lethally poisoned!
The water moccasin poisons you! The water moccasin bites you.
You die...

##+# ##..###
## #..##.# .#
##.#.#### .##
##†###.##..#
##.###..#..#
+.<.'†##@S.#
##.###..#§...#
#+#
#.##.§....§
### ~.....~
~~~~..~
~~~~~§~
§§§~§~~
§§§§~~~


You could see a water moccasin.

Vanquished Creatures
  Menkaure (D)
  4 scorpions (D)
  3 worms (D)
8 creatures vanquished.

Notes
Turn   | Place    | Note
-------+----------+-------------------------------------------
     0 | D        | sircluck the Troll Berserker began the quest for the Orb.
     0 | D        | Reached XP level 1. HP: 22/22 MP: 0/0
    19 | D        | Reached ** piety under Trog
    20 | D        | Reached XP level 2. HP: 28/31 MP: 1/1
    35 | D        | Noticed a scorpion
    35 | D        | Noticed a scorpion
    41 | D        | Killed a scorpion
    41 | D        | Noticed a scorpion
    41 | D        | Noticed a scorpion
    42 | D        | Reached skill level 5 in Unarmed Combat
    42 | D        | Reached XP level 3. HP: 22/40 MP: 2/2
    42 | D        | Reached XP level 4. HP: 28/49 MP: 3/3
    48 | D        | Killed a scorpion
    49 | D        | Reached skill level 5 in Fighting
    49 | D        | Reached skill level 5 in Dodging
    49 | D        | Reached skill level 6 in Unarmed Combat
    50 | D        | Killed a scorpion
    51 | D        | Reached skill level 7 in Unarmed Combat
    51 | D        | Reached XP level 5. HP: 8/58 MP: 4/4
    53 | D        | Reached *** piety under Trog
    54 | D        | Reached skill level 8 in Unarmed Combat
    64 | D        | Noticed Menkaure
    65 | D        | Noticed a water moccasin
    65 | D        | HP: 2/59 [Menkaure (18)]
    68 | D        | Killed Menkaure
    68 | D        | Slain by a water moccasin

Illustrated notes

Levels and vault maps discovered:
D:        the_violet_keep_of_menkaure [sprint2_stairs_cluster_1,
          sprint2_shoproom, sprint2_temple, sprint2_basic_supplies,
          sprint2_obstacle_6, sprint2_obstacle_7, sprint2_obstacle_3,
          sprint2_obstacle_1, sprint2_obstacle_2, sprint2_timed_cluster_1,
          sprint2_smallroom_cluster_1, sprint2_smallroom_final_cluster_1,
          sprint2_transparent_cluster_1, sprint2_second_timed_cluster_1,
          sprint2_sniper_area_1, sprint2_heavy_combat_area_1,
          sprint2_mutation_trap_area_1, sprint2_forest_area_1,
          sprint2_light_combat_area_1, sprint2_behind_water_1,
          sprint2_near_end_vault_1]

Skill      XL: |  1  2  3  4  5 |
---------------+----------------+-----
Fighting       | 3 4 5 |  5.9
Dodging        | 3 4 5 6 |  6.2
Unarmed Combat | 5 7 8 |  8.2

Action                     |  1- 3 |  4- 6 || total
---------------------------+-------+-------++-------
  Melee: Unarmed           |    19 |    14 ||    33
         Punch             |       |     1 ||     1
 Invoke: Berserk           |       |     1 ||     1
 Armour: Animal skin       |     3 |     2 ||     5
  Dodge: Dodged            |     2 |     4 ||     6

Table legend: (Time is in decaauts)
 A = Elapsed time spent in this place.
 B = Non-inter-level travel time spent in this place.
 C = Inter-level travel time spent in this place.
 D = Time resting spent in this place.
 E = Time spent auto-exploring this place.
 F = Levels seen in this place.
 G = Mean time per level.
                   A        B        C        D        E       F      G
               +--------+--------+--------+--------+--------+-----+--------+
         Total |     67 |     57 |     10 |      0 |      0 |   1 |   67.0 |
       Dungeon |     67 |     57 |     10 |      0 |      0 |   1 |   67.0 |
               +--------+--------+--------+--------+--------+-----+--------+

Top non-repeatable levels by time:
       D: 67 daAuts
